Map: Pillars of Gold LE

Players

Serral

  • Race: Zerg Zerg
  • League: Grandmaster
  • Spawn Location: 7:00

LiquidClem (Clem) - Winner!

  • Race: Terran Terran
  • League: Grandmaster
  • Spawn Location: 1:00

Event: War Chest Team League

VOD

Have the link to the VOD?

Description

Time

  • Played on: Aug. 7, 2020, 10:18 a.m.
  • Length: 18:12
Show
View Real Time Build Order
Export as new Build Order

Serral Zerg 

Build Orders: Pool First 

Get SALT Encoding   

  12  0:00  Drone  
  13  0:13  Overlord  
  13  0:18  Drone  
  14  0:31  Drone x2  
  14  0:35  Drone  
  17  0:44  Extractor  
  17  0:45  Drone  
  17  0:51  Spawning Pool  
  17  0:56  Drone  
  17  1:08  Drone  
  18  1:21  Hatchery  
  18  1:25  Drone  
  18  1:37  Queen  
  20  1:40  Zergling x2  
  21  1:47  Metabolic Boost  
  21  1:53  Overlord  
  21  1:57  Drone  
  22  2:13  Zergling x4  
  22  2:14  Queen  
  26  2:23  Drone  
  27  2:32  Drone  
  27  2:33  Drone  
  27  2:34  Queen  
  31  2:44  Drone x2  
  31  2:46  Drone  
  31  2:47  Drone  
  31  2:51  Overlord  
  35  2:57  Drone  
  36  3:10  Hatchery  
  35  3:14  Drone x2  
  35  3:16  Drone  
  35  3:18  Drone  
  38  3:20  Drone  
  38  3:24  Overlord  
  39  3:31  Queen  
  39  3:33  Drone  
  42  3:35  Drone  
  43  3:44  Zergling x2  
  43  3:46  Drone x4  
  48  3:52  Zergling x2  
  49  3:56  Drone x2  
  51  4:04  Overlord, Evolution Chamber x2  
  51  4:07  Queen  
  51  4:15  Overlord  
  51  4:17  Spore Crawler  
  50  4:20  Drone  
  50  4:23  Queen  
  53  4:24  Drone x2  
  53  4:26  Drone x3  
  53  4:29  Spore Crawler  
  57  4:34  Zerg Ground Armor Level 1  
  57  4:37  Zerg Melee Weapons Level 1  
  57  4:39  Zergling x2  
  57  4:41  Zergling x2  
  57  4:42  Zergling x2  
  60  4:46  Zergling x4  
  60  4:47  Drone  
  60  4:51  Drone x3  
  66  4:56  Overlord  
  66  4:57  Drone x2  
  68  5:00  Drone x2  
  68  5:03  Overlord  
  68  5:06  Zergling x4  
  72  5:11  Zergling x2  
  72  5:13  Overlord  
  73  5:17  Overlord  
  73  5:18  Zergling x2  
  73  5:19  Zergling x8  
  78  5:25  Lair  
  78  5:29  Zergling x6  
  78  5:35  Zergling x8  
  85  5:36  Drone  
  85  5:37  Drone x2  
  85  5:40  Drone x2  
  90  5:50  Overlord  
  89  5:57  Drone x5  
  89  5:58  Drone  
  89  6:00  Drone  
  89  6:02  Extractor  
  89  6:03  Drone x3, Baneling Nest  
  96  6:04  Hatchery  
  96  6:05  Extractor  
  96  6:08  Drone  
  95  6:12  Overlord, Extractor  
  95  6:15  Hatchery, Drone x2  
  96  6:18  Zergling x4  
  96  6:25  Zergling x6  
  100  6:26  Queen  
  100  6:28  Overlord  
  102  6:35  Zerg Melee Weapons Level 2  
  103  6:40  Drone x4  
  103  6:41  Extractor  
  103  6:43  Zergling x8  
  103  6:47  Zergling x8  
  113  6:48  Centrifical Hooks  
  113  6:53  Overlord  
  113  6:56  Hydralisk Den  
  112  7:02  Zergling x6  
  109  7:10  Zerg Ground Armor Level 2  
  109  7:13  Overlord  
  107  7:16  Queen  
  107  7:19  Overlord  
  107  7:21  Drone  
  107  7:22  Queen, Drone x7  
  116  7:26  Grooved Spines  
  114  7:35  Overlord, Overseer  
  114  7:37  Drone x6  
  114  7:39  Baneling  
  114  7:40  Baneling x6  
  114  7:41  Baneling  
  114  7:42  Baneling  
  114  7:43  Baneling x3  
  114  7:44  Baneling  
  118  7:52  Zergling x16  
  123  7:59  Zergling x6  
  123  8:00  Zergling x6  
  129  8:07  Baneling x8  
  129  8:09  Zergling x10  
  129  8:10  Zergling x2  
  135  8:15  Zergling x8  
  137  8:24  Zergling x14  
  119  8:27  Zergling x8  
  112  8:35  Baneling x6  
  112  8:36  Zergling x2, Baneling x2  
  112  8:37  Zergling x10  
  112  8:38  Muscular Augments  
  118  8:41  Hatchery  
  118  8:42  Hydralisk  
  118  8:43  Hydralisk x4  
  118  8:47  Zergling x6  
  129  8:51  Zergling x8  
  129  8:53  Overseer  
  129  8:54  Baneling  
  129  8:55  Baneling  
  131  9:02  Zergling x2  
  131  9:03  Zergling x10  
  131  9:04  Baneling  
  131  9:07  Zergling x12  
  139  9:16  Zergling x18  
  131  9:21  Hydralisk x2  
  125  9:28  Zergling x6  
  125  9:30  Queen  
  128  9:33  Baneling x9  
  127  9:39  Zergling x16, Extractor  
  127  9:44  Overlord x2  
  134  9:46  Overlord  
  134  9:50  Hydralisk x5  
  140  9:57  Zergling x14  
  147  10:02  Overlord x2  
  146  10:12  Drone x3  
  146  10:13  Infestation Pit, Drone  
  146  10:14  Drone x3  
  151  10:16  Drone x2  
  151  10:17  Drone x2  
  151  10:18  Burrow  
  151  10:19  Overlord  
  151  10:20  Pneumatized Carapace  
  155  10:21  Overseer x2  
  155  10:25  Hydralisk x2  
  155  10:26  Zergling x8  
  155  10:27  Baneling  
  161  10:35  Hydralisk x2  
  161  10:36  Zergling x8  
  167  10:44  Drone  
  167  10:46  Spore Crawler  
  167  10:47  Overlord  
  167  10:50  Zergling x20, Hive  
  174  11:01  Zergling x24  
  183  11:09  Baneling x3  
  183  11:10  Baneling x8  
  183  11:21  Zergling x2  
  183  11:22  Zergling x10  
  187  11:26  Baneling x12  
  187  11:37  Overlord x2  
  183  11:40  Baneling x7  
  183  11:44  Zergling x18  
  173  11:50  Zergling x8  
  173  11:51  Zergling x26  
  160  11:55  Baneling  
  160  11:56  Baneling x5  
  158  12:01  Hydralisk x2  
  158  12:02  Zergling x8  
  164  12:12  Baneling x7  
  164  12:13  Zergling x12  
  170  12:17  Zergling x4  
  170  12:22  Viper x2  
  178  12:27  Zergling x20  
  188  12:36  Zerg Missile Weapons Level 1, Zerg Ground Armor Level 3  
  186  12:37  Zergling x6  
  186  12:38  Overlord x3  
  186  12:39  Overseer  
  186  12:43  Baneling x5  
  187  12:49  Hatchery  
  185  12:51  Baneling  
  185  12:52  Baneling x4  
  185  12:57  Extractor  
  184  13:01  Zergling x32  
  195  13:08  Baneling x10  
  195  13:10  Zergling x10  
  199  13:18  Zergling x6  
  198  13:25  Baneling x4  
  198  13:26  Overseer, Baneling x5  
  196  13:33  Baneling x2  
  196  13:40  Zergling x30  
  196  13:43  Zergling x12  
  197  13:55  Zergling x4  
  180  14:05  Hatchery  
  180  14:08  Zergling x56  
  192  14:11  Baneling x10  
  192  14:12  Baneling x6  
  192  14:14  Zergling x6  
  193  14:18  Baneling x6  
  193  14:22  Zergling x12  
  194  14:30  Baneling x11  
  186  14:33  Zergling x14  
  186  14:38  Zergling x10  
  173  14:39  Zergling x2  
  159  14:46  Zergling x16  
  159  14:50  Overseer  
  161  14:56  Zergling x6  
  161  14:57  Zergling x14  
  161  14:58  Baneling x2  
  161  15:11  Hydralisk x3  
  161  15:12  Zergling x8  
  171  15:22  Zerg Melee Weapons Level 3  
  171  15:26  Zergling x18  
  180  15:33  Zergling x10  
  178  15:38  Drone  
  178  15:39  Drone x2  
  179  15:46  Zergling x2  
  177  15:55  Zergling x20  
  183  16:00  Baneling  
  183  16:01  Overlord, Baneling x8  
  175  16:04  Hydralisk  
  175  16:05  Hydralisk x5  
  176  16:16  Zergling x2  
  176  16:17  Zergling x16  
  171  16:20  Baneling x11  
  157  16:28  Zergling x16  
  143  16:34  Zergling x16  
  143  16:38  Hydralisk x2  
  143  16:39  Viper  
  150  16:50  Hydralisk x4  
  158  16:56  Baneling x17  
  158  16:58  Overseer  
  157  17:04  Zergling x22  
  164  17:09  Overseer  
  164  17:12  Zergling x12  
  170  17:20  Zergling x10  
  175  17:26  Hatchery  
  175  17:29  Zergling x18  
  150  17:38  Zergling x14  
  148  17:51  Zergling x14  
  148  17:57  Baneling x10  
  148  17:58  Baneling x2  
Show
View Real Time Build Order
Export as new Build Order

LiquidClem Terran - Winner!

Build Orders: Hellion Opening, Liberator Opening, Reaper Expand 

Get SALT Encoding   

  12  0:00  SCV  
  13  0:12  SCV  
  14  0:18  Supply Depot  
  14  0:24  SCV  
  15  0:39  SCV  
  15  0:40  Barracks  
  16  0:45  Refinery  
  16  0:51  SCV  
  17  1:03  SCV  
  18  1:15  SCV  
  19  1:27  Reaper  
  19  1:28  Orbital Command  
  20  1:41  Command Center  
  20  1:49  Supply Depot  
  20  1:53  SCV  
  21  1:59  Marine  
  22  2:05  SCV  
  23  2:11  Factory  
  23  2:17  SCV  
  23  2:21  Barracks Reactor  
  24  2:29  SCV  
  25  2:40  Command Center  
  25  2:43  SCV  
  26  2:53  Orbital Command  
  26  3:03  Hellion  
  26  3:04  Barracks Tech Lab  
  30  3:05  Hellion  
  30  3:08  SCV  
  31  3:17  Starport  
  31  3:20  SCV  
  31  3:23  SCV  
  34  3:27  Hellion  
  34  3:31  Hellion  
  34  3:33  SCV  
  37  3:38  SCV  
  38  3:45  Refinery  
  38  3:46  SCV  
  39  3:50  SCV, Hellion  
  39  3:53  Hellion  
  39  3:55  Orbital Command  
  44  3:58  SCV  
  44  4:02  SCV  
  46  4:04  Liberator  
  49  4:10  SCV  
  49  4:14  Hellion x2  
  54  4:18  SCV  
  54  4:19  Supply Depot  
  54  4:21  SCV  
  54  4:23  SCV  
  57  4:27  Stimpack  
  57  4:30  SCV  
  58  4:32  Barracks  
  58  4:33  SCV  
  58  4:35  Barracks  
  59  4:41  SCV, Refinery  
  59  4:42  SCV  
  61  4:47  Supply Depot, Factory Tech Lab  
  61  4:48  Starport Reactor  
  61  4:54  SCV, Engineering Bay  
  61  4:55  Engineering Bay  
  61  4:57  SCV  
  61  4:59  SCV  
  64  5:03  Marine  
  64  5:05  Refinery  
  64  5:06  SCV  
  66  5:08  Supply Depot  
  66  5:09  SCV  
  66  5:11  SCV  
  68  5:18  Orbital Command, Siege Tank  
  68  5:20  Supply Depot  
  71  5:21  Marine  
  71  5:27  SCV x2  
  74  5:29  Terran Infantry Weapons Level 1  
  74  5:30  Starport Reactor  
  74  5:34  Marine x2, Terran Infantry Armor Level 1  
  74  5:35  Marine x2  
  78  5:39  SCV x2, Marine  
  81  5:45  SCV  
  82  5:51  SCV x2, Supply Depot, Marine  
  82  5:52  Siege Tank  
  88  5:57  SCV  
  88  5:59  Marine  
  88  6:01  Marine x2  
  88  6:03  SCV  
  93  6:05  Barracks  
  93  6:06  Barracks  
  93  6:12  Marine  
  93  6:13  SCV x2, Medivac  
  93  6:14  Supply Depot  
  93  6:15  SCV  
  93  6:17  Medivac  
  93  6:18  Combat Shield  
  101  6:29  Armory  
  101  6:36  SCV x3, Marine x5  
  101  6:39  Supply Depot  
  109  6:41  Supply Depot  
  109  6:49  Refinery, Factory  
  109  6:55  Barracks Reactor x2  
  109  6:56  Supply Depot  
  109  7:01  SCV x3, Marine x5  
  117  7:09  Command Center  
  117  7:12  Supply Depot  
  117  7:13  SCV x3  
  120  7:18  Marine x4  
  120  7:19  Marine  
  120  7:21  Medivac x2  
  129  7:25  SCV x3, Supply Depot  
  129  7:26  Supply Depot  
  132  7:33  Drilling Claws  
  132  7:34  Factory Reactor, Marine x4  
  132  7:36  Marine x4, Widow Mine  
  139  7:38  Supply Depot, Terran Infantry Weapons Level 2  
  139  7:45  Marine  
  139  7:46  Terran Infantry Armor Level 2  
  139  7:47  Refinery  
  139  7:49  Supply Depot  
  140  7:52  Marine  
  140  7:55  Marine x2  
  140  7:56  Supply Depot  
  142  8:00  Marine x2  
  142  8:02  Supply Depot, Marine x2  
  142  8:03  Marine x2  
  148  8:06  Medivac, Widow Mine  
  148  8:10  Medivac  
  148  8:12  Terran Vehicle And Ship Armor Level 1, Marine  
  154  8:13  Marine  
  154  8:15  Marine  
  154  8:18  Marine x2  
  154  8:19  Marine  
  158  8:22  Marine  
  158  8:26  Marine x2  
  132  8:30  Marine  
  132  8:31  Marine  
  132  8:32  Marine  
  132  8:33  Widow Mine  
  132  8:35  Marine x2  
  132  8:36  Siege Tank  
  132  8:37  Marine  
  132  8:40  Marine  
  139  8:42  Medivac, Liberator  
  139  8:44  Marine x2  
  139  8:48  Marine x2  
  146  8:49  SCV  
  146  8:50  SCV x2, Marine  
  146  8:53  Marine x2  
  154  8:55  Planetary Fortress  
  154  9:01  SCV  
  151  9:03  Marine  
  151  9:08  Marine  
  151  9:09  Marine  
  153  9:14  Marine  
  153  9:15  Medivac  
  153  9:16  Marine x4, Siege Tank  
  141  9:19  Marine  
  141  9:20  Marine  
  135  9:25  Medivac, Marine  
  135  9:27  Marine  
  122  9:31  Marine  
  122  9:34  Marine x3, Widow Mine x2  
  130  9:38  Barracks  
  130  9:39  Barracks x2  
  130  9:44  Marine x2  
  130  9:45  Medivac, Marine x2  
  136  9:46  Marauder  
  136  9:49  Marine  
  136  9:50  Refinery, Factory  
  136  9:52  Marine  
  140  9:55  Medivac, Marine  
  140  9:58  Terran Infantry Weapons Level 3, Marine  
  144  10:02  Marine x2  
  144  10:04  Widow Mine  
  144  10:05  Widow Mine, Marine  
  144  10:06  Terran Vehicle Weapons Level 1, Marine  
  152  10:07  Marine  
  152  10:09  Marine x2  
  152  10:12  Siege Tank  
  152  10:13  Marine  
  156  10:20  Command Center  
  155  10:22  Marine x2  
  155  10:27  Barracks Tech Lab x3  
  157  10:30  Marine  
  157  10:31  Marine x3  
  157  10:32  Widow Mine x2  
  157  10:33  Sensor Tower  
  165  10:36  Marine x3  
  165  10:38  Factory Tech Lab  
  165  10:42  Terran Infantry Armor Level 3  
  168  10:44  Marine x2  
  168  10:46  Concussive Shells  
  168  10:47  Marauder, Marine x2  
  168  10:49  Marine x2  
  176  10:52  Marine  
  176  10:55  Marauder  
  179  10:58  Marine  
  179  11:00  Marine  
  179  11:01  Marine  
  179  11:02  Marine  
  183  11:07  Command Center  
  183  11:09  Marauder, Marine x2  
  187  11:13  Marauder, Marine x2  
  187  11:14  Marauder  
  187  11:16  Marine  
  194  11:24  Siege Tank x2  
  196  11:31  Marauder, Marine x2  
  196  11:34  Marauder  
  196  11:38  Command Center  
  196  11:39  Marauder  
  200  11:40  Marauder  
  191  11:48  Marine  
  191  11:51  Marine x2  
  191  11:52  Marauder  
  191  11:53  Medivac x2  
  171  11:55  Widow Mine x2  
  171  11:56  Siege Tank x2  
  179  12:02  Marine x2  
  179  12:03  Marauder  
  179  12:07  Marauder, Marine x2  
  186  12:08  Planetary Fortress  
  186  12:15  SCV x3  
  189  12:16  Widow Mine  
  189  12:22  Medivac, Marauder, Marine x5  
  198  12:32  Marauder  
  198  12:33  Marine x2  
  198  12:35  SCV x2  
  197  12:37  Marauder  
  197  12:38  SCV  
  200  12:49  Terran Vehicle Weapons Level 2  
  200  12:50  Ghost Academy  
  200  13:03  Siege Tank  
  200  13:04  Marine x2  
  200  13:05  Marauder  
  200  13:15  Missile Turret  
  200  13:16  Neosteel Armor  
  200  13:19  Hi-Sec Auto Tracking  
  200  13:27  Command Center  
  200  13:28  Command Center  
  200  13:29  Command Center  
  200  13:37  Siege Tank  
  200  13:38  Marauder  
  193  13:42  Siege Tank  
  193  13:44  Marauder x3  
  193  13:45  Widow Mine  
  190  13:50  Marine  
  190  13:51  Planetary Fortress  
  191  13:59  Marauder  
  191  14:00  Marine x3  
  191  14:01  Marine x3  
  184  14:03  Marine  
  184  14:05  Marauder  
  184  14:06  Medivac x2, Marauder x2  
  184  14:07  Marine  
  184  14:09  Widow Mine x2, Siege Tank  
  192  14:17  Marine x2  
  192  14:18  Marine  
  192  14:21  Marauder  
  197  14:27  Marauder  
  191  14:34  Marine x2  
  191  14:35  Marauder, Marine x2  
  191  14:36  Medivac x2  
  176  14:39  Siege Tank  
  176  14:42  Marauder, Marine x2  
  176  14:44  Marine  
  176  14:45  Marauder  
  175  14:48  Marine x2, Widow Mine x2, Siege Tank  
  175  14:52  Marine x2  
  184  14:56  Marauder, Marine x2  
  190  15:01  Orbital Command  
  190  15:06  Medivac x2  
  196  15:07  Marine  
  196  15:08  Marine  
  196  15:09  Widow Mine  
  200  15:27  SCV x2  
  200  15:31  Marauder  
  200  15:34  Unknown  
  200  15:41  Planetary Fortress  
  200  15:49  Widow Mine  
  198  16:00  Marine, Siege Tank  
  198  16:01  Marauder  
  198  16:04  Widow Mine  
  193  16:05  Liberator  
  193  16:06  Marine  
  193  16:07  Marauder, Marine  
  195  16:11  SCV x3, Widow Mine  
  195  16:12  Marauder, Marine x2  
  195  16:13  Marine  
  195  16:16  Widow Mine, Marine x2  
  194  16:25  Widow Mine  
  194  16:26  Marine  
  194  16:28  Marine  
  194  16:29  Marine x2  
  194  16:31  Marauder  
  194  16:32  Widow Mine  
  185  16:33  Widow Mine  
  185  16:36  Marine x2  
  185  16:37  Marauder, Marine x2, Siege Tank  
  185  16:38  Liberator  
  182  16:48  Marine x2, Liberator  
  182  16:49  Marauder x2, Marine x2, Sensor Tower  
  182  16:50  Command Center, Widow Mine  
  182  16:53  Marauder, Siege Tank  
  200  17:04  Marauder  
  200  17:20  Widow Mine  
  200  17:26  Liberator  
  200  17:27  Marauder x2, Marine x2  
  200  17:28  Marine  
  200  17:29  Marine x3  
  186  17:30  Marauder  
  186  17:31  Orbital Command, Siege Tank  
  186  17:32  Marauder, Marine x2  
  186  17:34  Siege Tank  
  187  17:44  Widow Mine  
  187  17:45  Marine x2  
  187  17:46  Marine x2  
  187  17:47  Marine x2  
  187  17:49  Marauder x2  
  187  17:50  Marine x2  
Tags
 
Add a new tag
Caveats
  • Supply blocks, unpowered buildings, or Contaminate may cause inaccurate times.
  • Supply counts are checked every 10 seconds.